 Dungeon Crawl Stone Soup version 0.30.2 (webtiles) character file.

Game seed: 12005748119026237998

332639 Ashen the Ogre Mage (level 21, -2/219 HPs)
             Began as an Ogre Ice Elementalist on Jan 22, 2024.
             Was the Champion of Vehumet.
             Slain by a dire elephant (9 damage)
             ... on level 3 of the Vaults on Jan 23, 2024.
             The game lasted 03:41:01 (60154 turns).

Ashen the Ogre Mage (Ogre Ice Elementalist)        Turns: 60154, Time: 03:41:02

Health: -2/219     AC:  5    Str: 17    XL:     21   Next: 80%
Magic:  13/49      EV: 14    Int: 28    God:    Vehumet [******]
Gold:   4319       SH:  0    Dex: 13    Spells: 11/60 levels left

rFire   . . .        G - staff of cold "Duocoih" {+Blink rC+ Int+5}
rCold   + . .        (no shield)
rNeg    . . .        m - +2 robe {Archmagi}
rPois   .            (helmet restricted)
rElec   .            u - scarf {repulsion}
rCorr   .            (gloves unavailable)
SInv    .            (boots unavailable)
Will    ++++.        Z - amulet of magic regeneration
Stlth   ++           x - ring of willpower
HPRegen 0.56/turn    t - ring of willpower
MPRegen 0.71/turn

%: repel missiles, archmagi
@: studying 2 skills
A: large, unfitting armour, tough skin 1, hooves 1, agile 1, high MP 1
}: 2/15 runes: decaying, gossamer
a: Renounce Religion, Evoke Blink


You were on level 3 of the Vaults.
You worshipped Vehumet.
Vehumet was exalted by your worship.
You visited 7 branches of the dungeon, and saw 36 of its levels.
You also visited: Gauntlet and Desolation.

You collected 7157 gold pieces.
You spent 2838 gold pieces at shops.

Inventory:

Hand Weapons
 s - a +2 heavy giant spiked club
Armour
 a - a +4 troll leather armour
 m - a +2 robe of the Archmagi (worn)
 u - a scarf of repulsion (worn)
Magical Staves
 G - the staff of cold "Duocoih" (weapon) {+Blink rC+ Int+5}
   (You found it on level 3 of the Elven Halls)

   [staff of cold]

   Base accuracy: +5 Base damage: 5 Base attack delay: 1.2 This weapon's minimum
   attack delay (0.6) is reached at skill level 12.
   Int:       It affects your intelligence (+5).
   rC:        It protects you from cold.
   +Blink:    It lets you blink.
   It falls into the 'Staves' category.
   It is a one-handed weapon.
Jewellery
 i - an amulet of regeneration
 k - the ring of Jinaukiw {+Blink rC- Int+6 SInv}
   (You bought it in a shop on level 1 of the Elven Halls)

   [ring of intelligence]

   Int:       It affects your intelligence (+6).
   rC:        It makes you vulnerable to cold.
   SInv:      It lets you see invisible.
   +Blink:    It lets you blink.
 n - a ring of fire
 t - a ring of willpower (right hand)
 v - a ring of protection from cold
 x - a ring of willpower (left hand)
 y - a ring of ice
 B - a ring of flight
 C - a ring of protection from fire
 N - an amulet of the acrobat
 R - a ring of wizardry
 W - an amulet of reflection
 Z - an amulet of magic regeneration (around neck)
Wands
 o - a wand of flame (126)
 I - a wand of charming (22)
 J - a wand of acid (16)
 L - a wand of mindburst (34)
 P - a wand of digging (14)
 Q - a wand of roots (40)
 S - a wand of polymorph (20)
Scrolls
 c - 8 scrolls of fog
 e - 3 scrolls of torment
 g - 9 scrolls of immolation
 h - 16 scrolls of teleportation
 j - 15 scrolls of poison
 l - 8 scrolls of amnesia
 p - 10 scrolls of vulnerability
 q - 4 scrolls of blinking
 r - 9 scrolls of silence
 E - a scroll of magic mapping
 O - 8 scrolls of fear
 U - 2 scrolls of enchant weapon
Potions
 b - a potion of resistance
 d - 11 potions of curing
 f - 9 potions of brilliance
 w - 6 potions of lignification
 z - 9 potions of flight
 A - 5 potions of attraction
 D - 3 potions of ambrosia
 F - 2 potions of mutation
 H - 3 potions of might
 K - 7 potions of heal wounds
 M - 2 potions of magic
 V - 4 potions of haste
 X - 2 potions of invisibility
 Y - 4 potions of cancellation
Miscellaneous
 T - a phial of floods


   Skills:
 + Level 15.5 Fighting
 + Level 11.0 Maces & Flails
 + Level 11.1 Dodging
 - Level 3.0 Stealth
 * Level 20.3 Spellcasting
 * Level 16.3 Conjurations
 * Level 20.1 Ice Magic
 - Level 5.0 Air Magic
 - Level 7.0 Evocations


You had 11 spell levels left.
You knew the following spells:

 Your Spells              Type           Power      Damage    Failure   Level
a - Ozocubu's Refrigerat  Ice            72%        4d23      1%          7
b - Frozen Ramparts       Ice            100%       1d16      0%          3
c - Ozocubu's Armour      Ice            100%       N/A       0%          3
d - Summon Ice Beast      Ice/Summ       100%       N/A       1%          4
e - Searing Ray           Conj           100%       2d8       0%          2
f - Freezing Cloud        Conj/Ice/Air   63%        6-21      1%          5
g - Hailstorm             Conj/Ice       100%       3d20      0%          3
h - Orb of Destruction    Conj           54%        9d14      1%          7
i - Polar Vortex          Ice            72%        N/A       10%         9
j - Conjure Ball Lightni  Conj/Air       46%        3x3d16    1%          6

Your spell library contained the following spells:

 Spells                   Type           Power      Damage    Failure   Level
 Chain Lightning          Conj/Air       46%        3d62      98%         9
 Freeze                   Ice            100%       1d10      0%          1
 Shock                    Conj/Air       100%       1d9       0%          1
 Foxfire                  Conj/Fire      100%       2x1d9     1%          1
 Kiss of Death            Conj/Necr      100%       2d13      1%          1
 Sandblast                Erth           84%        2d18      1%          1
 Slow                     Hex            100%       N/A       1%          1
 Sting                    Tmut/Pois      100%       1d8       1%          1
 Summon Small Mammal      Summ           100%       N/A       1%          1
 Cigotuvi's Dreadful Rot  Necr/Pois/Air  100%       N/A       1%          2
 Ensorcelled Hibernation  Hex/Ice        100%       N/A       1%          2
 Passwall                 Tmut/Erth      35%        N/A       1%          2
 Poisonous Vapours        Pois/Air       100%       N/A       1%          2
 Ignite Poison            Fire/Tmut/Pois 42%        N/A       1%          3
 Mephitic Cloud           Conj/Pois/Air  80%        N/A       1%          3
 Stone Arrow              Conj/Erth      100%       3d13      1%          3
 Swiftness                Air            71%        N/A       1%          3
 Vhi's Electric Charge    Tloc/Air       100%       N/A       1%          3
 Volatile Blastmotes      Fire/Tloc      84%        2d17      1%          3
 Airstrike                Air            35%        2d(6-22)  1%          4
 Ice Form                 Ice/Tmut       100%       N/A       1%          4
 Arcjolt                  Conj/Air       46%        1d56      1%          5
 Fireball                 Conj/Fire      42%        3d17      1%          5
 Metabolic Englaciation   Hex/Ice        56%        N/A       1%          5
 Iron Shot                Conj/Erth      42%        9d8       2%          6
 Starburst                Conj/Fire      42%        6d12      2%          6
 Simulacrum               Ice/Necr       56%        N/A       3%          6
 Call Canine Familiar     Summ           42%        N/A       4%          3
 Confusing Touch          Hex            42%        N/A       4%          3
 Gell's Gravitas          Tloc           42%        N/A       4%          3
 Portal Projectile        Hex/Tloc       84%        N/A       4%          3
 Spider Form              Tmut/Pois      42%        N/A       4%          3
 Summon Guardian Golem    Hex/Summ       42%        N/A       4%          3
 Teleport Other           Tloc           42%        N/A       4%          3
 Tukima's Dance           Hex            42%        N/A       4%          3
 Vampiric Draining        Necr           42%        2d9       4%          3
 Olgreb's Toxic Radiance  Pois           42%        N/A       4%          4
 Summon Lightning Spire   Summ/Air       59%        N/A       4%          4
 Spellforged Servitor     Conj/Summ      42%        N/A       11%         7
 Anguish                  Hex/Necr       21%        N/A       14%         4
 Cause Fear               Hex            21%        N/A       14%         4
 Dispel Undead            Necr           42%        3d17      14%         4
 Leda's Liquefaction      Hex/Erth       21%        N/A       14%         4
 Plasma Beam              Fire/Air       29%        2x1d46    19%         6
 Alistair's Intoxication  Tmut/Pois      28%        N/A       36%         5
 Blade Hands              Tmut           21%        N/A       36%         5
 Borgnjor's Vile Clutch   Necr/Erth      21%        N/A       36%         5
 Summon Forest            Summ/Tloc      21%        N/A       36%         5
 Summon Mana Viper        Hex/Summ       42%        N/A       36%         5
 Dispersal                Tloc           21%        N/A       91%         6
 Statue Form              Tmut/Erth      28%        N/A       91%         6
 Summon Cactus Giant      Summ           21%        N/A       91%         6
 Maxwell's Capacitive Co  Air            35%        ∞         94%         8
 Storm Form               Tmut/Air       29%        N/A       99%         7
 Dragon Form              Tmut           21%        N/A       100%        7
 Borgnjor's Revivificati  Necr           21%        N/A       100%        8
 Discord                  Hex            21%        N/A       100%        8
 Disjunction              Tloc           21%        N/A       100%        8
 Necromutation            Tmut/Necr      21%        N/A       100%        8
 Death's Door             Necr           21%        N/A       100%        9
 Dragon's Call            Summ           21%        N/A       100%        9


Dungeon Overview and Level Annotations

Branches:
Dungeon (15/15)            Temple (0/1) D:6            Lair (5/5) D:11
  Swamp (4/4) Lair:3       Spider (4/4) Lair:2        Slime (0/5) Lair:5
    Orc (2/2) D:12            Elf (3/3) Orc:2        Vaults (3/5) D:14
  Crypt (0/3) Vaults:3     Depths (0/4) D:15        Desolation (visited)
Gauntlet (visited)

Altars:
Ashenzari
Dithmenos
Elyvilon
Fedhas
Hepliaklqana
Kikubaaqudgha
Makhleb
Okawaru
Qazlal
Ru
Sif Muna
Trog
Uskayaw
Vehumet
Wu Jian
Xom
Zin
The Shining One

Shops:
D:1 *   D:14 !   Orc:2 [**!   Elf:1 ((*==   Elf:2 [   Elf:3 (

Portals:
Trove: Vaults:3 (give 7 potions of haste)

Annotations:
D:12 2 runed translucent doors, diceflayer's ghost, journeyman DsFi
D:14 3 runed translucent doors, Gasyicze's ghost, journeyman TrHu
Swamp:3 2 transporters, kosdos2's ghost, adept FoFi


Innate Abilities, Weirdness & Mutations

You are too large for most types of armour.
You have tough skin. (AC +1)
You have large cloven feet.
You are agile. (Dex +4, Str/Int -1)
You have an increased reservoir of magic. (+10% MP)


Message History

Unknown command.
Casting: Ozocubu's Refrigeration (mildly dangerous; 1% risk of failure)
Confirm with . or Enter, or press ? or * to list all spells.
You feel a strong surge of power!
The heat is drained from your surroundings.
The dire elephant is moderately wounded.
The dire elephant is severely wounded.
The dire elephant tramples you!
You stumble backwards!
Casting: Ozocubu's Refrigeration (mildly dangerous; 1% risk of failure)
Confirm with . or Enter, or press ? or * to list all spells.
You feel a strong surge of power!
The heat is drained from your surroundings.
The dire elephant is heavily wounded.
The dire elephant is almost dead.
The dire elephant is heavily wounded.
The dire elephant completely misses you.
The dire elephant trunk-slaps you but does no damage.
Casting: Ozocubu's Refrigeration (mildly dangerous; 1% risk of failure)
Confirm with . or Enter, or press ? or * to list all spells.
You feel a strong surge of power!
The heat is drained from your surroundings.
The dire elephant is heavily wounded.
The dire elephant is severely wounded.
The dire elephant tramples you!!
* * * LOW HITPOINT WARNING * * *
You hold your ground!
The dire elephant trunk-slaps you.
* * * LOW HITPOINT WARNING * * *
You open the door. The dire elephant tramples you!!
* * * LOW HITPOINT WARNING * * *
You hold your ground!
The dire elephant trunk-slaps you.
* * * LOW HITPOINT WARNING * * *
The dire elephant attacks as you move away!
The dire elephant tramples you!
* * * LOW HITPOINT WARNING * * *
The dire elephant misses you.
There is an open door here.
You open the door. The dire elephant tramples you!
* * * LOW HITPOINT WARNING * * *
You hold your ground!
The dire elephant trunk-slaps you!
You die...

#......# ###### #......#
#..... #......#
#########.#### #......#
#......##.#... #......#
#......##.#...
######'#####......##.#...
#...........#......##.##..
#.#########)+......##..##.
#.#[#..@')#......##...##
#)')##Y##†#......##...##
#).YY.#.#########..##.
#.###...###.# #.##..
#.#)....# #.# #.#...
#.##+##.'.#.# #.#.>.
#[#.#.# #.#... #####.#
#.#### ... #.....


You could see 3 dire elephants.

Vanquished Creatures
  Mara (Elf:3)
  Mennas (Vaults:3)
  Saint Roka (Orc:2)
  A tentacled monstrosity (Swamp:2)
  Mlioglotl (Spider:4)
  A lich (Vaults:2)
  Asterion (Vaults:3)
  2 deep elf master archers (Elf:3)
  A sphinx (Vaults:3)
  Kirke (D:13)
  2 thorn hunters (Swamp:4)
  A storm dragon (Vaults:3)
  Donald (Elf:3)
  Roxanne (Spider:3)
  2 emperor scorpions (Spider:4)
  11 deep elf sorcerers (Elf:3)
  A fire giant (Vaults:2)
  4 ghost moths
  Louise (Elf:3)
  6 vault wardens
  8 deep elf elementalists (Elf:3)
  An orc warlord (Orc:2)
  10 ironbound preservers
  A broodmother (Spider:3)
  9 deep elf demonologists
  15 very ugly things
  8 ironbound thunderhulks
  A stone giant (Vaults:1)
  12 dire elephants
  A vampire knight (Vaults:3)
  Nessos (D:14)
  A minotaur (Gauntlet)
  4 eleionomae
  6 deep elf annihilators (Elf:3)
  5 bunyips
  3 spark wasps
  Josephine (D:13)
  5 deep elf death magi (Elf:3)
  7 yaktaur captains
  A ragged hierophant (Desolation)
  3 shambling mangroves
  2 fire dragons (Swamp:3)
  3 entropy weavers
  3 vault guards
  Harold (Lair:1)
  3 deep elf high priests (Elf:3)
  2 ice dragons (Swamp:3)
  19 hydras
  2 great orbs of eyes
  An ogre mage (D:15)
  7 boulder beetles
  A catoblepas (Lair:5)
  2 ironbound frosthearts
  4 ghost crabs
  14 centaur warriors
  2 radroaches (Spider:4)
  2 jorogumos
  5 alligators
  5 two-headed ogres
  28 dancing weapons
  4 tengu warriors
  5 orc high priests
  10 death yaks (Lair:5)
  A deep troll shaman (Lair:5)
  Urug (Orc:2)
  A spriggan berserker (Swamp:4)
  Nergalle (Lair:2)
  Sonja (Orc:2)
  21 deep elf knights
  A pharaoh ant (Spider:1)
  4 goliath frogs
  23 deep trolls
  5 spriggan druids
  11 wizards
  7 bog bodies
  2 glowing orange brains
  6 orb spiders
  A necromancer (Vaults:3)
  6 orc knights
  9 swamp dragons
  38 deep elf pyromancers
  7 deep elf archers
  A harpy (Vaults:1)
  16 lindwurms
  Pikel (D:4)
  10 ironbound convokers
  13 wolf spiders
  35 deep elf zephyrmancers
  2 steelbarb worms (Spider:3)
  An oklob plant (Lair:5)
  2 manticores
  6 cyclopes
  7 orc sorcerers
  4 will-o-the-wisps
  3 moths of wrath
  14 ugly things
  8 elephants
  4 black mambas
  A guardian serpent (shapeshifter) (D:13)
  7 demonic crawlers
  14 vault sentinels
  5 torpor snails
  12 cane toads
  2 unseen horrors
  13 yaktaurs (Vaults:3)
  9 komodo dragons
  2 kobold demonologists
  3 tengu conjurers
  2 rime drakes
  An ice devil (Gauntlet)
  A meliai (Spider:4)
  4 polar bears
  A bloated husk (Swamp:3)
  15 hornets
  7 tyrant leeches
  6 trolls
  20 blink frogs
  18 tarantellas
  4 saltlings (Desolation)
  A dream sheep (Lair:5)
  20 culicivoras
  20 jumping spiders
  2 water elementals
  31 slime creatures
  4 air elementals
  A centaur simulacrum (D:14)
  3 vampires (Vaults:3)
  8 spriggans
  4 shadows
  8 wraiths
  11 wyverns
  51 yaks
  2 fire elementals
  3 basilisks
  2 hogs (D:13)
  Eustachio (D:6)
  16 humans (D:14)
  3 steam dragons
  30 redbacks
  8 vampire mosquitoes
  7 wargs
  12 swamp worms
  An acid dragon (D:13)
  2 hydra simulacra (Swamp:3)
  A floating eye (shapeshifter) (D:15)
  Duvessa (D:5)
  13 water moccasins
  8 swamp drakes
  28 orc warriors
  A sky beast (D:8)
  4 black bears
  7 ogres
  A boggart (Vaults:2)
  16 centaurs
  24 wolves
  3 lemures (D:4)
  4 phantoms
  A kobold brigand (D:11)
  Blork the orc (D:5)
  13 bullfrogs
  6 scorpions
  4 earth elementals
  Dowan (D:5)
  2 wights (D:7)
  4 killer bees (D:8)
  2 vampire bats (D:7)
  7 howler monkeys
  6 electric eels
  7 hounds
  3 gnoll boudas
  13 jellies
  24 orc priests
  Crazy Yiuf (D:7)
  2 iguanas
  30 orc wizards
  6 ogre zombies (D:12)
  Robin (D:3)
  11 gnolls
  4 adders
  3 white imps
  An ufetubus (D:6)
  3 worms
  4 dart slugs
  88 orcs
  4 bats
  2 bat skeletons (D:7)
  4 bat zombies (D:7)
  9 endoplasms
  2 giant cockroaches
  15 goblins
  12 hobgoblins
  3 jackals (D:3)
  7 kobolds
  2 quokkas
  3 ball pythons
  2 frilled lizards
  2 goblin skeletons (D:12)
  2 goblin zombies (D:12)
  A hobgoblin skeleton (D:12)
  A hobgoblin zombie (D:12)
  An orc skeleton (D:12)
  12 orc zombies (D:12)
  5 rats
  A spectral hobgoblin (D:2)
1389 creatures vanquished.

Vanquished Creatures (collateral kills)
  A skyshark (Lair:3)
  A wizard (D:13)
  A bog body (Lair:3)
  A kobold brigand (D:5)
  2 goblins (D:5)
6 creatures vanquished.

Vanquished Creatures (others)
  A hornet (Swamp:3)
  An orc wizard (D:7)
  6 foxfires
8 creatures vanquished.

Grand Total: 1403 creatures vanquished

Notes
Turn   | Place    | Note
-------+----------+-------------------------------------------
     0 | D:1      | Ashen the Ogre Ice Elementalist began the quest for the
                  | Orb.
     0 | D:1      | Reached XP level 1. HP: 16/16 MP: 3/3
    42 | D:1      | Reached XP level 2. HP: 5/26 MP: 2/5
   378 | D:1      | Reached XP level 3. HP: 29/32 MP: 0/7
   758 | D:1      | Found Diotodum's General Store.
   762 | D:1      | Bought a scroll of teleportation for 42 gold pieces
   977 | D:2      | Learned a level 3 spell: Frozen Ramparts
   981 | D:2      | Learned a level 3 spell: Ozocubu's Armour
  1057 | D:2      | Found a faded altar of an unknown god.
  1197 | D:2      | Reached skill level 1 in Fighting
  1360 | D:2      | Reached skill level 1 in Conjurations
  1872 | D:3      | Found a burning altar of Makhleb.
  1881 | D:3      | Found a shadowy altar of Dithmenos.
  1989 | D:3      | Reached XP level 4. HP: 41/41 MP: 6/8
  2584 | D:3      | Found a shimmering blue altar of Sif Muna.
  2606 | D:3      | Reached XP level 5. HP: 49/49 MP: 7/9
  2771 | D:3      | Found a faded altar of an unknown god.
  2926 | D:4      | Reached skill level 1 in Maces & Flails
  3132 | D:4      | Noticed a hornet
  3419 | D:4      | Noticed Pikel
  3419 | D:4      | Noticed a lemure
  3419 | D:4      | Noticed a lemure
  3419 | D:4      | Noticed a lemure
  3915 | D:4      | Noticed an ogre
  3917 | D:4      | Reached XP level 6. HP: 57/57 MP: 11/11
  4021 | D:3      | Noticed Robin
  4021 | D:3      | Found a bloodstained altar of Trog.
  4242 | D:3      | Killed Robin
  4317 | D:4      | Reached XP level 7. HP: 56/66 MP: 1/13
  4490 | D:4      | Found a glowing golden altar of the Shining One.
  4491 | D:4      | Found a radiant altar of Vehumet.
  4491 | D:4      | Found a hazy altar of Hepliaklqana.
  4498 | D:4      | Became a worshipper of Vehumet
  4914 | D:4      | Killed Pikel
  4915 | D:4      | Reached skill level 5 in Ice Magic
  4915 | D:4      | Reached XP level 8. HP: 34/75 MP: 3/15
  5289 | D:5      | Entered Level 5 of the Dungeon
  5289 | D:5      | Noticed Blork the orc
  5330 | D:5      | Killed Blork the orc
  5331 | D:5      | Reached skill level 5 in Spellcasting
  5781 | D:5      | Found an ornate altar of the Wu Jian Council.
  5782 | D:5      | Found a stormy altar of Qazlal.
  5868 | D:5      | Noticed a troll
  5868 | D:5      | Noticed a kobold demonologist
  5934 | D:5      | Noticed Dowan
  5935 | D:5      | Noticed Duvessa
  5945 | D:5      | Killed Duvessa
  5947 | D:5      | Killed Dowan
  6175 | D:5      | Noticed a wyvern
  6181 | D:5      | Killed a wyvern
  6387 | D:5      | Killed a troll
  6388 | D:5      | Reached XP level 9. HP: 67/85 MP: 7/18
  6472 | D:5      | Learned a level 4 spell: Summon Ice Beast
  6496 | D:5      | Found a glowing silver altar of Zin.
  6640 | D:5      | Found an iron altar of Okawaru.
  6718 | D:5      | Noticed a sixfirhy
  6726 | D:5      | Killed a kobold demonologist
  7056 | D:5      | Reached skill level 5 in Fighting
  7146 | D:6      | Noticed Eustachio
  7178 | D:6      | Killed Eustachio
  7179 | D:6      | Reached skill level 5 in Conjurations
  7261 | D:6      | Found a staircase to the Ecumenical Temple.
  7794 | D:7      | Reached * piety under Vehumet
  7794 | D:7      | Offered knowledge of Foxfire by Vehumet.
  7795 | D:7      | Killed an unseen horror
  7966 | D:7      | Reached XP level 10. HP: 87/98 MP: 16/21
  8069 | D:7      | Identified the +7 trident of Juoduwoi {heavy, rCorr}
  8210 | D:7      | Reached ** piety under Vehumet
  8210 | D:7      | Offered knowledge of Searing Ray by Vehumet.
  8223 | D:7      | Found an ancient bone altar of Kikubaaqudgha.
  8392 | D:7      | Found a runed translucent door.
  8395 | D:7      | Noticed Crazy Yiuf
  8402 | D:7      | Killed Crazy Yiuf
  8913 | D:8      | Found a hide-covered altar of Uskayaw.
  9140 | D:8      | Learned a level 2 spell: Searing Ray
  9313 | D:8      | Offered knowledge of Volatile Blastmotes by Vehumet.
  9322 | D:8      | Learned a level 5 spell: Freezing Cloud
  9373 | D:8      | Reached skill level 5 in Dodging
  9373 | D:8      | Reached skill level 1 in Air Magic
  9995 | D:4      | Learned a level 7 spell: Ozocubu's Refrigeration
 10137 | D:9      | Reached XP level 11. HP: 95/109 MP: 15/23
 10267 | D:9      | Found a shimmering altar of Xom.
 10274 | D:9      | Reached *** piety under Vehumet
 10275 | D:9      | Reached skill level 5 in Maces & Flails
 10275 | D:9      | Reached skill level 10 in Ice Magic
 10472 | D:9      | Found a sacrificial altar of Ru.
 10618 | D:9      | Found a broken altar of Ashenzari.
 10668 | D:10     | Entered Level 10 of the Dungeon
 10674 | D:10     | Noticed a centaur warrior
 10738 | D:10     | Killed a centaur warrior
 11062 | D:10     | Offered knowledge of Hailstorm by Vehumet.
 11067 | D:10     | Learned a level 3 spell: Hailstorm
 11668 | D:11     | Reached skill level 10 in Spellcasting
 12060 | D:11     | Reached skill level 5 in Air Magic
 12068 | D:11     | Reached **** piety under Vehumet
 12091 | D:11     | Offered knowledge of Inner Flame by Vehumet.
 12258 | D:11     | Found a staircase to the Lair.
 12263 | D:11     | Noticed a cyclops
 12712 | D:11     | Killed a cyclops
 12713 | D:11     | Reached XP level 12. HP: 122/122 MP: 17/26
 13161 | Lair:1   | Entered Level 1 of the Lair of Beasts
 13204 | Lair:1   | Found a gate leading to a gauntlet.
 13254 | Gauntlet | Entered a Gauntlet
 13254 | Gauntlet | Found a transporter.
 13293 | Gauntlet | Found a transporter.
 13293 | Gauntlet | Found a transporter.
 13294 | Gauntlet | Found a transporter.
 13302 | Gauntlet | Found a transporter.
 13305 | Gauntlet | Found a transporter.
 13306 | Gauntlet | Found a transporter.
 13311 | Gauntlet | Noticed a tengu warrior
 13314 | Gauntlet | Found a transporter.
 13317 | Gauntlet | Found a transporter.
 13318 | Gauntlet | Found a transporter.
 13330 | Gauntlet | Found a transporter.
 13331 | Gauntlet | Found a transporter.
 13333 | Gauntlet | Noticed a dire elephant
 13339 | Gauntlet | Found a transporter.
 13363 | Gauntlet | Found a transporter.
 13620 | Gauntlet | Noticed a minotaur
 13710 | Gauntlet | Killed a minotaur
 13730 | Gauntlet | Got the Meditations on the Fifth Circle
 13872 | Lair:1   | Noticed Harold
 13881 | Lair:1   | Killed Harold
 15184 | Lair:2   | Found a hole to the Spider Nest.
 15363 | Lair:2   | Noticed a five-headed hydra
 15373 | Lair:2   | Killed a five-headed hydra
 15374 | Lair:2   | Reached XP level 13. HP: 132/132 MP: 17/28
 15473 | Lair:2   | Noticed Nergalle
 15480 | Lair:2   | Killed Nergalle
 15566 | Lair:2   | Reached ***** piety under Vehumet
 15566 | Lair:2   | Offered knowledge of Starburst by Vehumet.
 15786 | Lair:2   | Reached skill level 10 in Fighting
 16312 | Lair:2   | Identified the +5 mace of Skirmishing {spect, Fly rCorr
                  | Str-4 Stlth+}
 17530 | Lair:3   | Found a staircase to the Swamp.
 18897 | Lair:5   | Entered Level 5 of the Lair of Beasts
 19264 | Lair:5   | Reached XP level 14. HP: 144/144 MP: 8/30
 19692 | Lair:5   | Offered knowledge of Conjure Ball Lightning by Vehumet.
 20136 | Lair:5   | Identified the +6 short sword of Yliec {holy, Will++ rCorr}
 20895 | Lair:5   | Identified the +5 sling "Ceirhoi" {freeze, Will+ Dex+3}
 21034 | Lair:5   | Found a staircase to the Slime Pits.
 21835 | D:12     | Found a staircase to the Orcish Mines.
 21951 | D:12     | Identified the ring of Henotheism {+Blink rN+ Slay+3}
 21964 | D:12     | Found a white marble altar of Elyvilon.
 22103 | D:12     | Found a runed translucent door.
 22106 | D:12     | Noticed a frost giant
 22109 | D:12     | Noticed a deep elf annihilator
 22109 | D:12     | Noticed a lich
 22110 | D:12     | Noticed diceflayer's ghost (journeyman DsFi)
 22114 | D:12     | Found a runed translucent door.
 22331 | D:12     | Identified the +10 halberd of Trial by Ordeal {vamp, rPois
                  | Str+3}
 22374 | D:12     | Offered knowledge of Yara's Violent Unravelling by Vehumet.
 22669 | Orc:1    | Entered Level 1 of the Orcish Mines
 23051 | Orc:2    | Entered Level 2 of the Orcish Mines
 23051 | Orc:2    | Noticed Sonja
 23051 | Orc:2    | Noticed Saint Roka
 23053 | Orc:2    | Killed Sonja
 23065 | Orc:2    | Killed Saint Roka
 23292 | Orc:2    | Found a burning altar of Makhleb.
 23308 | Orc:2    | Found a staircase to the Elven Halls.
 23439 | Orc:2    | Noticed an orc warlord
 23449 | Orc:2    | Killed an orc warlord
 23450 | Orc:2    | Reached XP level 15. HP: 156/156 MP: 7/32
 23826 | Orc:2    | Noticed Urug
 24036 | Orc:2    | Reached skill level 10 in Conjurations
 24219 | Orc:1    | Reached ****** piety under Vehumet
 24363 | Orc:2    | Killed Urug
 24610 | Orc:2    | Offered knowledge of Iskenderun's Battlesphere by Vehumet.
 24624 | Orc:2    | Found Ophudd's Distillery.
 24624 | Orc:2    | Found Kaipleel's Antique Armour Shoppe.
 24625 | Orc:2    | Found Tionwiho's Assorted Antiques.
 24625 | Orc:2    | Found Baucul's Assorted Antiques.
 24633 | Orc:2    | Bought a potion of heal wounds for 60 gold pieces
 24636 | Orc:2    | Bought a potion of heal wounds for 145 gold pieces
 24644 | Orc:2    | Bought a ring of willpower for 625 gold pieces
 24644 | Orc:2    | Bought a scroll of fear for 100 gold pieces
 24644 | Orc:2    | Bought a potion of heal wounds for 125 gold pieces
 24644 | Orc:2    | Bought a scroll of fog for 100 gold pieces
 24644 | Orc:2    | Bought a scroll of immolation for 100 gold pieces
 25260 | D:1      | Bought a scroll of poison for 56 gold pieces
 25260 | D:1      | Bought a scroll of teleportation for 42 gold pieces
 25260 | D:1      | Bought a scroll of silence for 133 gold pieces
 25598 | Swamp:1  | Entered Level 1 of the Swamp
 26115 | D:13     | Noticed Josephine
 26130 | D:13     | Killed Josephine
 26540 | D:13     | Noticed Kirke
 26553 | D:13     | Noticed a sphinx
 26554 | D:13     | Killed Kirke
 26679 | D:13     | Reached skill level 15 in Ice Magic
 27593 | D:13     | Found a runed translucent door.
 28854 | D:14     | Found a gate to the Vaults.
 28855 | D:14     | Noticed Nessos
 28860 | D:14     | Killed Nessos
 28876 | D:14     | Offered knowledge of Eringya's Noxious Bog by Vehumet.
 28884 | D:14     | Reached XP level 16. HP: 152/167 MP: 24/34
 28907 | D:14     | Reached skill level 15 in Spellcasting
 29511 | D:14     | Found Mofeiq Qaxea's Distillery.
 29521 | D:14     | Bought 2 potions of heal wounds for 190 gold pieces
 29521 | D:14     | Bought a potion of cancellation for 152 gold pieces
 29521 | D:14     | Bought a potion of brilliance for 76 gold pieces
 29564 | D:14     | Found a runed translucent gate.
 29564 | D:14     | Found a runed translucent gate.
 29565 | D:14     | Found a runed translucent gate.
 29932 | D:14     | Noticed Gasyicze's ghost (journeyman TrHu)
 29948 | D:15     | Entered Level 15 of the Dungeon
 30555 | D:15     | Found a radiant altar of Vehumet.
 30570 | D:15     | Found a blossoming altar of Fedhas.
 31238 | D:15     | Paralysed by a floating eye for 3 turns
 31280 | D:15     | Found a staircase to the Depths.
 33711 | Swamp:2  | Got the Folio of Vexing Transmutation
 33723 | Swamp:2  | Noticed a tentacled monstrosity
 33932 | Swamp:2  | Killed a tentacled monstrosity
 34256 | Swamp:3  | Offered knowledge of Lee's Rapid Deconstruction by Vehumet.
 34336 | Swamp:3  | Noticed a fenstrider witch
 34336 | Swamp:3  | Noticed a tentacled monstrosity
 34337 | Swamp:3  | Noticed kosdos2's ghost (adept FoFi)
 34338 | Swamp:3  | Noticed a thorn hunter
 34851 | Swamp:2  | Learned a level 7 spell: Orb of Destruction
 34942 | Swamp:3  | Reached XP level 17. HP: 178/178 MP: 24/37
 35029 | Swamp:3  | Found a transporter.
 35033 | Swamp:3  | Found a transporter.
 35202 | Swamp:3  | Reached skill level 10 in Dodging
 35803 | Swamp:3  | Found the +4 moon troll leather armour {Spirit, Regen++
                  | MP+5}
 36515 | Swamp:4  | Entered Level 4 of the Swamp
 36517 | Swamp:4  | Reached skill level 10 in Maces & Flails
 38228 | Swamp:4  | Got a decaying rune of Zot
 38872 | Elf:1    | Entered Level 1 of the Elven Halls
 38874 | Elf:1    | Paralysed by an air elemental for 1 turns
 38878 | Elf:1    | Offered knowledge of Iron Shot by Vehumet.
 38990 | Elf:1    | Found a crumbling gateway.
 39005 | Desolati | Entered the Desolation of Salt
 39640 | Elf:1    | Found Hioqu's Jewellery Shoppe.
 39659 | Elf:1    | Bought the ring of Jinaukiw {+Blink rC- Int+6 SInv} for 802
                  | gold pieces
 39724 | Elf:1    | Reached skill level 15 in Conjurations
 40001 | Elf:1    | Reached XP level 18. HP: 189/189 MP: 35/38
 40218 | Elf:1    | Paralysed by an air elemental for 1 turns
 40523 | Elf:1    | Found Jufeuz's Assorted Antiques.
 40523 | Elf:1    | Found Noyfutam's Jewellery Boutique.
 40527 | Elf:1    | Found Woumesir's Antique Weapon Boutique.
 40528 | Elf:1    | Found Jovairph's Antique Weapon Boutique.
 40531 | Elf:1    | Bought a scroll of teleportation for 90 gold pieces
 41110 | Elf:2    | Found Eskowip's Armour Shoppe.
 41750 | Elf:2    | Found a runed translucent gate.
 41751 | Elf:2    | Found a runed translucent gate.
 41751 | Elf:2    | Found a runed translucent gate.
 42229 | Spider:1 | Entered Level 1 of the Spider Nest
 42751 | Spider:1 | Reached skill level 1 in Evocations
 43289 | Spider:2 | Identified the +0 leather armour "Zewis" {rElec rF+++ MP-9
                  | Slay+5}
 43891 | Spider:2 | Offered knowledge of Chain Lightning by Vehumet.
 43891 | Spider:2 | Offered knowledge of Polar Vortex by Vehumet.
 43891 | Spider:2 | Offered knowledge of Maxwell's Capacitive Coupling by
                  | Vehumet.
 43903 | Spider:2 | Learned a level 9 spell: Polar Vortex
 44941 | Spider:3 | Identified Roxanne's Information on Transformation
 44941 | Spider:3 | Noticed Roxanne
 44963 | Spider:3 | Killed Roxanne
 45695 | Spider:3 | Got the Reference Book on Unstable Lithomancy
 46135 | Spider:4 | Entered Level 4 of the Spider Nest
 46192 | Spider:4 | Noticed Mlioglotl
 46196 | Spider:4 | Killed Mlioglotl
 46203 | Spider:4 | Reached XP level 19. HP: 200/200 MP: 11/40
 46840 | Spider:4 | Reached skill level 15 in Fighting
 48099 | Spider:4 | Identified the scarf "Gusuodd" {+Inv, Str+4 SInv Stlth-}
 48103 | Spider:4 | Got a gossamer rune of Zot
 48107 | Spider:4 | Identified the +1 pair of boots of the Crushed Shrikes {rC+
                  | Int+3 Stlth+}
 48110 | Spider:4 | Identified the +1 pair of gloves of the Blizzard {rC++ rN+
                  | Will-}
 48754 | Elf:1    | Gained mutation: You are partially covered in iridescent
                  | scales. (AC +2) [mutagenic glow]
 49595 | Elf:2    | Gained mutation: You have hidden genetic defects.
                  | [mutagenic glow]
 50115 | Elf:3    | Entered Level 3 of the Elven Halls
 50193 | Elf:3    | Noticed Louise
 50200 | Elf:3    | Killed Louise
 50351 | Elf:3    | Identified 3 scrolls of acquirement
 50476 | Elf:3    | Gained mutation: Armour fits poorly on your strangely
                  | shaped body. [hidden defects]
 50609 | Elf:3    | Lost mutation: You have hidden genetic defects. [potion of
                  | mutation]
 50609 | Elf:3    | Lost mutation: You are partially covered in iridescent
                  | scales. (AC +2) [potion of mutation]
 50609 | Elf:3    | Lost mutation: Armour fits poorly on your strangely shaped
                  | body. [potion of mutation]
 50609 | Elf:3    | Gained mutation: You are partially covered in iridescent
                  | scales. (AC +2) [potion of mutation]
 50609 | Elf:3    | Gained mutation: Your body sometimes deteriorates upon
                  | taking damage. [potion of mutation]
 50689 | Elf:3    | Noticed Donald
 50692 | Elf:3    | Killed Donald
 50723 | Elf:3    | Found Nezxuf's Antique Weapon Emporium.
 51146 | Elf:3    | Noticed Mara
 51150 | Elf:3    | Killed Mara
 51257 | Elf:3    | Identified the +8 flail of Woe {freeze, Int+3 Dex+3}
 51257 | Elf:3    | Identified the +0 leather armour of Jyttec {Rampage Regen+
                  | Int+3}
 51368 | Elf:3    | Reached XP level 20. HP: 162/205 MP: 29/41
 51694 | Elf:3    | Identified the staff of fire "Dikkaic" {rF+ rN+}
 52015 | Elf:3    | Acquired 990 gold pieces
 52016 | Elf:3    | Acquired 562 gold pieces
 52017 | Elf:3    | Acquired 447 gold pieces
 52025 | Elf:3    | Lost mutation: Your body sometimes deteriorates upon taking
                  | damage. [potion of mutation]
 52025 | Elf:3    | Lost mutation: You are partially covered in iridescent
                  | scales. (AC +2) [potion of mutation]
 52025 | Elf:3    | Gained mutation: You are agile. (Dex +4, Str/Int -1)
                  | [potion of mutation]
 52025 | Elf:3    | Gained mutation: You have large cloven feet. [potion of
                  | mutation]
 52025 | Elf:3    | Gained mutation: You have an increased reservoir of magic.
                  | (+10% MP) [potion of mutation]
 52107 | Elf:3    | Identified the +8 quarterstaff of Checks and Balances
                  | {pain, rElec rC+ Dex+2}
 52113 | Elf:3    | Identified the +4 war axe "Impslayer" {flame, rC+}
 52339 | Elf:3    | Identified the ring of Ujinitud {Contam rF+ EV+5 Int+3}
 52552 | Elf:3    | Identified the staff of air "Iffoqalo" {rElec Str+5}
 52567 | Elf:3    | Identified the staff of cold "Duocoih" {+Blink rC+ Int+5}
 52591 | Elf:3    | Found the +3 greatsling "Punk" {acid, rCorr}
 53034 | Vaults:1 | Entered Level 1 of the Vaults
 53545 | Vaults:1 | Learned a level 6 spell: Conjure Ball Lightning
 55904 | Vaults:2 | Reached XP level 21. HP: 218/218 MP: 26/49
 57529 | Vaults:3 | Reached skill level 5 in Evocations
 57602 | Vaults:3 | Noticed Asterion
 59140 | Vaults:3 | Noticed Mennas
 59144 | Vaults:3 | Killed Mennas
 59217 | Vaults:3 | Found a staircase to the Crypt.
 59247 | Vaults:3 | Killed Asterion
 59833 | Vaults:3 | Found a portal to a secret trove of treasure.
 60154 | Vaults:3 | HP: 7/219 [dire elephant (14)]
 60154 | Vaults:3 | Slain by a dire elephant

Illustrated notes

Levels and vault maps discovered:
D:1:      tarquinn_simple_flora_water_f, layout_rooms, serial_shops,
          nicolae_shop_pleasant_corner_grove, chequers_serial_rivers_small_b,
          chequers_avenue
D:2:      layout_basic, dreamdust_ecumenical_altar_drowned_temple
D:3:      layout_rooms, nicolae_overflow_ecumenical_swirl,
          mainiacjoe_overflow_concentric_impassable, led_sif_pool,
          mainiacjoe_overflow_alcove_1, minmay_quadrilaterals, uniq_robin
D:4:      layout_layer_cave, gammafunk_temple_overflow_forgotten, uniq_pikel
D:5:      layout_basic, kennysheep_okawaru_gauntlet, amcnicky_altar_gilded,
          minitemple, minmay_manual_mandibuliform, uniq_blork_the_orc,
          uniq_duvessa
D:6:      layout_cave_pools, minmay_temple_entry_gardened_gates, uniq_eustachio
D:7:      minmay_evil_eye, layout_loops_ring, kennysheep_vampire_church,
          uniq_crazy_yiuf_cottage
D:8:      layout_rooms, eat_drink_and_be_merry_uskayaw, serial_curves,
          eino_curves_01, eino_curves_02
D:9:      layout_cave_pools, lemuel_crystal_altar, marbit_many_paths,
          old_standard_altar
D:10:     layout_small_grid
D:11:     layout_irregular_city, due_lair_maze_entry_diamond
D:12:     layout_roguey, zombieorc1_lemuel, muffindrake_ghost_dual_entry,
          elyvilon_altar_5
D:13:     minmay_tri_stars, layout_basic, lightli_church_of_beogh,
          uniq_josephine, uniq_kirke
D:14:     layout_loops_ring, david_vaults_3, serial_shops, shop,
          gammafunk_ghost_necromancy, minmay_door_square, evilmike_butchery,
          uniq_nessos
D:15:     gammafunk_enter_depths_forms, layout_long_grid, fedhas_altar_4,
          fiery_altar_vehumet
Lair:1:   layout_cellular_growth, gauntlet_entry_generic,
          chequers_serial_rivers_small_3, gammafunk_lair_bear_cave, uniq_harold
Lair:2:   layout_layer_cave, spider_nest_entry_rubble, nicolae_lair_lindhole,
          uniq_nergalle
Lair:3:   layout_concentric_octagons, nicolae_swamp_entry_splash_gauntlet,
          serial_bayou_shore_b, grunt_megastairs_2
Lair:4:   layout_misc_corridors
Lair:5:   grunt_lair_end_beastmaster, layout_cave_shapes,
          minmay_slime_entry_jelly_boxes, minmay_lair_oklob_bushes, st_stairs_5,
          serial_bayou_pond_c, serial_bayou_pond_b, columned_hall_lemuel,
          dreamdust_gnoll_shepherd, serial_bayou_shore_a
Swamp:1:  layout_basic_swamp, nicolae_swamp_rocky_clearing,
          infiniplex_staircase_pool
Swamp:2:  layout_falls_marsh, evilmike_swamp_ruin_rubble_1
Swamp:3:  layout_falls_marsh, gammafunk_ghost_arena,
          evilmike_swamp_ruin_house_2, swamp_pool1, hangedman_swamp_pad,
          hangedman_swamp_double_dragon
Swamp:4:  swamp_basic_johnstein, layout_basic_swamp
Spider:1: layout_spider_delve
Spider:2: layout_chambers, hangedman_spider_tarantella_strand
Spider:3: layout_spider_delve, einodemon_crawler_minivault, uniq_roxanne
Spider:4: grunt_spider_rune_parallel, uniq_mlioglotl
Orc:1:    layout_caves
Orc:2:    st_orc_elflike, layout_diamond_mine, basic_altar, uniq_sonja,
          uniq_urug, uniq_saint_roka
Elf:1:    nicolae_elf_arrival_aired_out, layout_loops_cross, serial_shops, shop,
          portal_desolation_entry_nicolae_slug,
          hangedman_elven_crosses_minicolossus, minmay_shop_grid_forest
Elf:2:    nicolae_elf_blades_crystal_corner, layout_gridlike, serial_shops, shop
Elf:3:    minmay_elf_hall_hex, layout_geoelf_diagonals, serial_shops, shop,
          uniq_louise, uniq_donald, uniq_mara
Vaults:1: nicolae_vaults_offset_grid_hallway_1, nicolae_vaults_double_plus_1,
          nicolae_vaults_cornered_office, nicolae_vaults_shipping_containers_5,
          nicolae_vaults_cornered_office, nicolae_vaults_shelves_hall,
          nicolae_vaults_closet_pinwheel_6, nicolae_vaults_ninety_degrees,
          grunt_vaults_diagonal, v_misc_28, nicolae_vaults_layer_cake_slice,
          nicolae_vaults_trapezoid_lopsided_1, layout_vaults_ring
Vaults:2: vaults_room_hallway, st_spiral_rooms,
          nicolae_vaults_trapezoid_lopsided_3, nicolae_vaults_network_periphery,
          nicolae_vaults_storage_closets_2, v_misc_5,
          nicolae_vaults_trapezoid_lopsided_3, vaults_dpeg_diagonal,
          vaults_dpeg_encased_lava, nicolae_vaults_rhombus_5,
          nicolae_vaults_house_3, ontoclasm_vaults_decontamination,
          layout_vaults_omnigrid
Vaults:3: minmay_crypt_entry_vampire_xt, ontoclasm_vaults_misaligned,
          nicolae_vaults_swerve, v_misc_12, hangedman_vaults_nails, v_misc_19,
          nicolae_vaults_yaktaur_gun_rack, v_misc_19, nicolae_vaults_what_the_h,
          nicolae_vaults_murder_corner, v_pattern_4,
          nicolae_vaults_windows_and_doors_thing,
          nicolae_vaults_trapezoid_lopsided_1, layout_vaults_big_cross,
          nicolae_trove_entry_free_sample, uniq_asterion, uniq_mennas

Skill      XL: |  1  2  3  4  5  6  7  8  9 10 11 12 13 14 15 16 17 18 19 20 21 |
---------------+----------------------------------------------------------------+-----
Fighting       | 1 2 3 4 5 7 8 9 10 11 12 13 14 15 | 15.5
Conjurations   | 1 2 3 4 5 6 8 9 10 11 15 16 | 16.3
Dodging        | 2 3 4 5 6 7 8 9 10 11 | 11.1
Spellcasting   | 3 4 6 7 8 10 11 12 13 14 16 17 19 20 | 20.3
Ice Magic      | 4 5 6 7 9 10 11 13 14 15 16 18 20 | 20.1
Maces & Flails | 1 2 3 4 5 6 7 8 9 10 11 | 11.0
Stealth        | 2 3 |  3.0
Air Magic      | 2 5 |  5.0
Evocations     | 2 3 7 |  7.0

Action                     |  1- 3 |  4- 6 |  7- 9 | 10-12 | 13-15 | 16-18 | 19-21 || total
---------------------------+-------+-------+-------+-------+-------+-------+-------++-------
  Melee: Unarmed           |    11 |       |       |       |       |       |       ||    11
         Club              |    59 |       |       |       |       |       |       ||    59
         Whip              |    12 |    34 |   162 |   449 |   511 |    45 |       ||  1213
         Punch             |     1 |       |       |    10 |     8 |       |       ||    19
         Giant spiked club |       |       |       |       |       |   137 |   109 ||   246
         Kick              |       |       |       |       |       |       |    25 ||    25
         Staff             |       |       |       |       |       |       |    17 ||    17
   Cast: Freeze            |    53 |    67 |    32 |     9 |       |       |       ||   161
         Frozen Ramparts   |       |     6 |    25 |    39 |    24 |     9 |       ||   103
         Ozocubu's Armour  |       |     4 |    19 |    35 |    20 |    10 |     3 ||    91
         Summon Ice Beast  |       |       |     1 |     4 |     5 |     4 |     1 ||    15
         Freezing Cloud    |       |       |       |    48 |   158 |    52 |    13 ||   271
         Searing Ray       |       |       |       |     2 |     5 |       |     1 ||     8
         Hailstorm         |       |       |       |     4 |     1 |       |     1 ||     6
         Ozocubu's Refrige |       |       |       |     5 |   115 |   390 |   378 ||   888
         Orb of Destructio |       |       |       |       |       |    88 |    45 ||   133
         Polar Vortex      |       |       |       |       |       |       |    21 ||    21
Ability: Evoke Blink       |       |       |       |       |       |       |     2 ||     2
  Evoke: Wand              |       |     3 |       |     4 |    14 |     3 |     1 ||    25
         Phial of floods   |       |       |       |       |     2 |       |       ||     2
    Use: Potion            |     1 |       |       |       |     2 |     8 |    11 ||    22
         Scroll            |       |       |     1 |    19 |     5 |    13 |    13 ||    51
   Stab: Sleeping          |     3 |     1 |     1 |     3 |     1 |     2 |     2 ||    13
         Distracted        |       |       |       |     1 |       |       |       ||     1
 Armour: Robe              |    38 |    21 |    44 |       |       |    36 |    30 ||   169
         Troll leather arm |       |       |    86 |   242 |   157 |    55 |       ||   540
         Swamp dragon scal |       |       |       |       |       |     2 |       ||     2
         Skin              |       |       |       |       |       |       |     4 ||     4
  Dodge: Dodged            |    80 |    47 |   119 |   221 |   209 |   180 |   166 ||  1022
         Repelled          |       |       |       |       |       |     3 |     7 ||    10
  Block: Other             |       |       |       |       |    25 |     9 |       ||    34
         Reflection        |       |       |       |       |     3 |       |       ||     3
